 Dungeon Crawl Stone Soup version 0.31-a0-1458-g2f8d4710b4 (webtiles) character file.

Game seed: 8149081757838125976

1532 IronBiby the Shield-Bearer (level 8, -3/80 HPs)
             Began as a Troll Shapeshifter on Dec 28, 2023.
             Killed by divine providence
             ... invoked by a smoke demon
             ... summoned by a kobold demonologist
              (12 damage)
             ... on level 5 of the Dungeon.
             The game lasted 00:07:21 (4129 turns).

IronBiby the Shield-Bearer (Troll Shapeshifter)     Turns: 4129, Time: 00:07:22

Health: -3/80      AC:  4    Str: 23      XL:     8   Next: 55%
Magic:  0/7        EV:  8    Int:  6      God:
Gold:   524        SH: 10    Dex: 10 (11) Spells: 7/7 levels left

rFire   . .          .
                       - Unarmed
rCold   + . .        f - +1 kite shield {reflect}
rNeg    . . .        a - +0 animal skin
rPois   .            (helmet currently unavailable)
rElec   .            (cloak currently unavailable)
rCorr   .            (gloves unavailable)
SInv    .            (boots unavailable)
Will    .....        q - amulet of guardian spirit
Stlth   +            r - ring of protection from cold
HPRegen 1.13/turn    (no ring)
MPRegen 0.10/turn

%: reflection, guardian spirit
@: on fire, about to teleport, beast-form, glowing, studying Axes
A: beast (slay +2), large, unfitting armour, claws 3, regeneration 1, shaggy fur
1, tough skin 1
a: Begin Untransformation


You were on level 5 of the Dungeon.
You were a hulking beast.
You visited 1 branch of the dungeon, and saw 5 of its levels.

You collected 524 gold pieces.

Inventory:

Armour
 a - a +0 animal skin (worn)
 f - a +1 kite shield of reflection (worn)
Jewellery
 q - an amulet of guardian spirit (around neck)
 r - a ring of protection from cold (left claw)
 s - the ring of Uhuv {rC+ Str+3}
   (You found it on level 5 of the Dungeon)

   [ring of protection from cold]

   Str+3:     It affects your strength (+3).
   rC+:       It protects you from cold.
Talismans
 c - a beast talisman
 d - a flux talisman
Scrolls
 l - 3 scrolls of enchant weapon {unknown}
 m - a scroll of immolation {unknown}
 p - a scroll of poison {unknown}
 t - a scroll of identify
 u - a scroll of vulnerability {unknown}
Potions
 b - a potion of lignification
 e - 2 potions of brilliance
 g - a potion of curing
 j - 2 potions of attraction {unknown}
 k - 5 potions of cancellation
 n - a potion of ambrosia {unknown}
 o - a potion of enlightenment {unknown}


   Skills:
 - Level 5.3 Fighting
 - Level 1.5 Dodging
 + Level 6.1 Shields
 + Level 5.4 Unarmed Combat
 + Level 3.6 Shapeshifting


You had 7 spell levels left.
You didn't know any spells.
Your spell library contained the following spells:

 Spells                   Type           Power      Damage    Failure   Level
 Foxfire                  Conj/Fire      0%         2x1d4     69%         1
 Fugue of the Fallen      Necr           0%         N/A       96%         3
 Inner Flame              Hex/Fire       0%         N/A       96%         3
 Ozocubu's Armour         Ice            0%         N/A       96%         3
 Manifold Assault         Tloc           0%         N/A       100%        4
 Irradiate                Conj/Alch      0%         3d11      100%        5
 Plasma Beam              Fire/Air       0%         2x1d10    100%        6
 Starburst                Conj/Fire      0%         6d3       100%        6
 Ignition                 Fire           0%         3d3       100%        8


Dungeon Overview and Level Annotations

Branches:
Dungeon (5/15)
 Temple: D:4-7

Altars:
Dithmenos
Elyvilon


Innate Abilities, Weirdness & Mutations

You are a hulking beast.
Your limbs bulge with bestial killing power. (Slay +2)
You are too large for most types of armour.
You have claws for hands.
Your natural rate of healing is unusually fast.
You are covered in fur. (AC +1)
You have tough skin. (AC +1)


Message History

The iron imp barely misses you.
The kobold demonologist barely misses you.
The crimson imp barely misses you. The smoke demon gestures at you.
The pyre arrow hits you.
You are covered in intense liquid fire!
Unknown command.
You scratch the kobold demonologist but do no damage.
The kobold demonologist is heavily wounded.
The liquid fire burns you!
* * * LOW HITPOINT WARNING * * *
The iron imp hits you but does no damage.
The kobold demonologist hits you but does no damage.
You block the crimson imp's attack.
The smoke demon hits you but does no damage.
The smoke demon completely misses you. You block the smoke demon's attack.
Unknown command.
Unknown command.
Unknown command.
As you read the scroll of teleportation, it crumbles to dust.
You feel strangely unstable. The liquid fire burns you!
* * * LOW HITPOINT WARNING * * *
The kobold demonologist hits you with a +0 dagger.
* * * LOW HITPOINT WARNING * * *
The iron imp hits you but does no damage.
The smoke demon hits you.
* * * LOW HITPOINT WARNING * * *
The smoke demon hits you.
* * * LOW HITPOINT WARNING * * *
You block the smoke demon's attack. You block the crimson imp's attack.
Unknown command.
Unknown command.
You feel better. The liquid fire burns you!
* * * LOW HITPOINT WARNING * * *
You block the kobold demonologist's attack.
The smoke demon gestures at you. Something smites you!
You die...

............#......
##...######.##..###.
######.#### #.##..#...
#.........# #.##..#...
#.........# #.##..#...
#.........# #.##..#...
#.........###.##......
#...53K...#....#......
#....h5...#....#......
#.........#....#..#...
#...).....#....#..#.<.
#..)......#..<.#..##.#
#....§§...#..........#
###.§...###........###
#.....# ###'#....# #
#.....# #.#....# #
#.....# #.#....# #


You could see a kobold demonologist, a smoke demon (summoned), an iron imp
(summoned) and a crimson imp (summoned).

Vanquished Creatures
  A steam dragon (D:5)
  A water moccasin (D:5)
  2 ice beasts
  A black bear (D:5)
  An ogre (D:5)
  A kobold brigand (D:5)
  4 scorpions
  2 bombardier beetles
  5 hounds
  7 iguanas
  A sleepcap (D:4)
  9 adders
  A shadow imp (D:5)
  4 ufetubi
  2 worms (D:2)
  7 dart slugs
  8 orcs
  7 endoplasms
  2 giant cockroaches
  6 hobgoblins
  10 jackals
  3 quokkas
  6 ball pythons
  4 bats
  7 goblins
  14 kobolds
  5 rats
121 creatures vanquished.

Vanquished Creatures (others)
  A butterfly (D:5)
1 creature vanquished.

Grand Total: 122 creatures vanquished

Notes
Turn   | Place    | Note
-------+----------+-------------------------------------------
     0 | D:1      | IronBiby the Troll Shapeshifter began the quest for the
                  | Orb.
     0 | D:1      | Reached XP level 1. HP: 18/18 MP: 0/0
    48 | D:1      | Reached XP level 2. HP: 26/26 MP: 1/1
   526 | D:2      | Reached XP level 3. HP: 23/32 MP: 2/2
  1046 | D:2      | Identified a scroll of acquirement
  1046 | D:2      | Acquired a +1 kite shield of reflection
  1078 | D:3      | Reached XP level 4. HP: 40/40 MP: 3/3
  1131 | D:3      | Found a shadowy altar of Dithmenos.
  1428 | D:3      | Reached skill level 1 in Fighting
  1442 | D:3      | Found a faded altar of an unknown god.
  1871 | D:4      | Reached skill level 1 in Shields
  2031 | D:4      | Noticed a scorpion
  2041 | D:4      | Killed a scorpion
  2042 | D:4      | Reached skill level 2 in Shields
  2042 | D:4      | Reached XP level 5. HP: 37/49 MP: 4/4
  2578 | D:4      | Reached XP level 6. HP: 36/59 MP: 5/5
  2774 | D:4      | Reached skill level 3 in Shields
  2818 | D:4      | Noticed an ice beast
  2826 | D:4      | Killed an ice beast
  2830 | D:4      | Reached XP level 7. HP: 63/67 MP: 4/6
  3135 | D:5      | Entered Level 5 of the Dungeon
  3200 | D:5      | Reached skill level 4 in Shields
  3242 | D:5      | Noticed a steam dragon
  3251 | D:5      | Killed a steam dragon
  3319 | D:5      | Reached skill level 5 in Shields
  3328 | D:5      | Reached XP level 8. HP: 68/79 MP: 4/7
  3336 | D:5      | Reached skill level 5 in Fighting
  3513 | D:5      | Identified the ring of Uhuv {rC+ Str+3}
  3673 | D:5      | Reached skill level 5 in Unarmed Combat
  3678 | D:5      | Found a white marble altar of Elyvilon.
  3847 | D:5      | Noticed a kobold demonologist
  3850 | D:5      | Noticed an ice devil
  3855 | D:5      | Noticed a smoke demon
  3881 | D:5      | Reached skill level 6 in Shields
  4116 | D:5      | Noticed a smoke demon
  4129 | D:5      | Killed from afar by a smoke demon

Illustrated notes

Levels and vault maps discovered:
D:1:      lightli_arrival_noodles, layout_basic
D:2:      layout_basic, serial_park_tiny_2
D:3:      layout_loops_corners, grunt_dithmenos_smoke_and_mirrors,
          chequers_ecumenical_altar_simple, hangedman_glass_teeth
D:4:      minmay_polygon_palace, layout_cave_pods, minmay_manual_monolith
D:5:      minmay_recursive_quarters, layout_basic,
          nicolae_elyvilon_peaceful_grove

Skill      XL: |  1  2  3  4  5  6  7  8 |
---------------+-------------------------+-----
Unarmed Combat | 4 5 |  5.4
Fighting       | 2 3 4 5 |  5.3
Shields        | 2 3 5 6 |  6.1
Dodging        | |  1.5
Shapeshifting  | |  3.6

Action                     |  1- 3 |  4- 6 |  7- 9 || total
---------------------------+-------+-------+-------++-------
  Melee: Unarmed           |    93 |   108 |   133 ||   334
         Punch             |     2 |       |       ||     2
    Use: Scroll            |     4 |     2 |     4 ||    10
         Potion            |       |       |     2 ||     2
 Armour: Animal skin       |    59 |    39 |   117 ||   215
  Dodge: Dodged            |    44 |    32 |    54 ||   130
  Block: Kite shield       |       |    39 |    66 ||   105
         Reflection        |       |     3 |       ||     3

Table legend: (Time is in decaauts)
 A = Elapsed time spent in this place.
 B = Non-inter-level travel time spent in this place.
 C = Inter-level travel time spent in this place.
 D = Time resting spent in this place.
 E = Time spent auto-exploring this place.
 F = Levels seen in this place.
 G = Mean time per level.
                   A        B        C        D        E       F      G
               +--------+--------+--------+--------+--------+-----+--------+
         Total |   4126 |   4026 |    100 |    333 |   2963 |   5 |  825.2 |
       Dungeon |   4126 |   4026 |    100 |    333 |   2963 |   5 |  825.2 |
               +--------+--------+--------+--------+--------+-----+--------+

Top non-repeatable levels by time:
     D:4: 1304 daAuts
     D:5: 995 daAuts
     D:3: 761 daAuts
     D:2: 611 daAuts
     D:1: 453 daAuts
